 Dungeon Crawl Stone Soup version 0.31-a0-1074-g0b22e4e0f1 (webtiles) character file.

Game seed: 3408543898668171865

42 73612iajs the Chopper (level 3, 0/33 HPs)
             Began as a Minotaur Monk on Dec 7, 2023.
             Slain by Terence
             ... wielding a +0 hand axe
              (3 damage)
             ... on level 2 of the Dungeon.
             The game lasted 00:09:39 (1475 turns).

73612iajs the Chopper (Minotaur Monk)               Turns: 1475, Time: 00:09:39

Health: 0/33       AC:  8    Str: 15    XL:     3   Next: 33%
Magic:  2/2        EV:  8    Int:  7    God:
Gold:   45         SH:  0    Dex: 14    Spells: 2/2 levels left

rFire   . . .        a - +0 hand axe
rCold   . . .        d - orb {light}
rNeg    . . .        j - +0 chain mail
rPois   .            (helmet restricted)
rElec   .            (no cloak)
rCorr   .            (no gloves)
SInv    .            (no boots)
Will    .....        (no amulet) Stlth
                     (no ring)
HPRegen 0.25/turn    (no ring)
MPRegen 0.08/turn

%: no passive effects
@: glowing
A: horns 2, retaliatory headbutt
a: no special abilities


You were on level 2 of the Dungeon.
You visited 1 branch of the dungeon, and saw 2 of its levels.

You collected 45 gold pieces.

Inventory:

Hand Weapons
 a - a +0 hand axe (weapon)
 e - a +0 mace
 f - a +0 dagger
 g - a +0 dagger
 n - a +0 whip
 o - a +0 whip
 q - a +1 mace of holy wrath
 r - a +0 club
 u - a +0 club
Missiles
 i - 26 stones
Armour
 b - a +0 robe
 d - an orb of light (worn)
 h - a +0 chain mail
 j - a +0 chain mail (worn)
 v - a +2 buckler
 w - a +0 chain mail
Scrolls
 k - a scroll of amnesia
 m - a scroll of noise {unknown}
 t - a scroll of poison {unknown}
Potions
 c - a potion of ambrosia
 l - a potion of berserk rage {unknown}
 p - a potion of heal wounds {unknown}
 s - a potion of haste {unknown}


   Skills:
 + Level 4.1 Fighting
 + Level 4.3 Axes
 + Level 1.0 Armour
 + Level 3.7 Dodging


You had 2 spell levels left.
You didn't know any spells.
Your spell library was empty.

Dungeon Overview and Level Annotations

Branches:
Dungeon (2/15)

Altars:

Annotations:
D:2 Terence


Innate Abilities, Weirdness & Mutations

You have a pair of horns on your head.
You reflexively headbutt those who attack you in melee.


Message History

Terence hits you with a +0 hand axe. The endoplasm barely misses you.
The jackal bites you but does no damage.
Okay, then.
You completely miss the jackal.
The jackal is almost dead.
You barely miss Terence. You hit the endoplasm but do no damage.
The jackal barely misses you. Terence hits you with a +0 hand axe.
The endoplasm hits you but does no damage.
You barely miss the jackal.
The jackal is almost dead.
You hit Terence but do no damage. You hit the endoplasm.
You kill the endoplasm!
You hit the hobgoblin but do no damage.
The jackal bites you but does no damage.
The hobgoblin barely misses you. You furiously retaliate!
You headbutt the hobgoblin. Terence hits you but does no damage.
The jackal bites you but does no damage.
You hit the jackal but do no damage.
The jackal is almost dead.
You hit Terence. You hit the hobgoblin.
The hobgoblin hits you but does no damage.
The jackal bites you. Terence hits you but does no damage.
You hit the jackal.
You kill the jackal!
You hit Terence but do no damage. You barely miss the hobgoblin.
The hobgoblin barely misses you. Terence hits you with a +0 hand axe.
* * * LOW HITPOINT WARNING * * *
Your Armour skill increases to level 1!
The hobgoblin hits you.
* * * LOW HITPOINT WARNING * * *
Terence closely misses you.
The hobgoblin hits you but does no damage.
Terence hits you but does no damage. Terence barely misses you.
The hobgoblin attacks as it pursues you!
The hobgoblin hits you.
* * * LOW HITPOINT WARNING * * *
Terence hits you with a +0 hand axe.
You die...
Terence says, "That felt goooood."

##.#.##...##...
##..#...........
##..##....##.###.
#..###....... #.
###.###........ #.
##.........#.....##.
#####...##....##........
#.....@g[....... <.....
#.#....@#..#.##? ....##
#...##.##..#.# ..##
?..#..... ## . ##
#...#...... . ##
#......##.# #. #......
.# #.... ..##. ...### ..
....## #...


You could see Terence and a hobgoblin.

Vanquished Creatures
  An adder (D:2)
  A dart slug (D:2)
  2 ball pythons
  5 endoplasms
  A hobgoblin (D:1)
  3 jackals (D:2)
  A quokka (D:2)
  4 bats (D:1)
  2 frilled lizards
  4 goblins
  A kobold (D:1)
  4 rats
29 creatures vanquished.

Notes
Turn   | Place    | Note
-------+----------+-------------------------------------------
     0 | D:1      | 73612iajs the Minotaur Monk began the quest for the Orb.
     0 | D:1      | Reached XP level 1. HP: 19/19 MP: 0/0
   344 | D:1      | Reached XP level 2. HP: 27/27 MP: 1/1
  1344 | D:2      | Reached XP level 3. HP: 14/33 MP: 2/2
  1457 | D:2      | Noticed Terence
  1472 | D:2      | Reached skill level 1 in Armour
  1475 | D:2      | Slain by Terence

Illustrated notes

Levels and vault maps discovered:
D:1:      zelgadis_glass_arrival_small, layout_loops_cross, nrook_campfire
D:2:      layout_rooms, uniq_terence

Skill      XL: |  1  2  3 |
---------------+----------+-----
Axes           | 4 |  4.3
Fighting       | 4 |  4.1
Armour         | 1 |  1.0
Dodging        | |  3.7

Action                     || total
---------------------------++-------
  Melee: Hand axe          ||    60
         Headbutt          ||     4
    Use: Scroll            ||     1
 Armour: Robe              ||    18
         Chain mail        ||    70
  Dodge: Dodged            ||    55

Table legend: (Time is in decaauts)
 A = Elapsed time spent in this place.
 B = Non-inter-level travel time spent in this place.
 C = Inter-level travel time spent in this place.
 D = Time resting spent in this place.
 E = Time spent auto-exploring this place.
 F = Levels seen in this place.
 G = Mean time per level.
                   A        B        C        D        E       F      G
               +--------+--------+--------+--------+--------+-----+--------+
         Total |   1480 |   1480 |      0 |      0 |      0 |   2 |  740.0 |
       Dungeon |   1480 |   1480 |      0 |      0 |      0 |   2 |  740.0 |
               +--------+--------+--------+--------+--------+-----+--------+

Top non-repeatable levels by time:
     D:1: 1143 daAuts
     D:2: 337 daAuts
